 Dungeon Crawl Stone Soup version bcrawl-1.41.1 (webtiles) character file.

Game seed: 9299181521113045338

232838 Yshiel the Chiller (level 7, -7/50 HPs)
             Began as a Gnoll Ice Elementalist on Apr 25, 2024.
             Mangled by an ogre
             ... wielding a +0 giant club
              (26 damage)
             ... on level 4 of the Dungeon.
             The game lasted 00:22:16 (2719 turns).

Yshiel the Chiller (Gnoll Ice Elementalist)         Turns: 2719, Time: 00:22:16

Health: -7/50      AC:  2    Str: 10    XL:     7   Next: 8%
Magic:  13/15      EV: 15    Int: 18    God:
Gold:   229        SH:  0    Dex: 17    Spells: 8/17 levels left

rFire    . . .     GDR:     30% y - +1 war axe (chop)
rCold    . . .     SeeInvis .   (no shield)
rNeg     . . .     Gourm    .   a - +0 robe
rPois    .         Faith    .   (no helmet)
rElec    .         Spirit   .   (no cloak)
rCorr    .         Reflect  .   (no gloves)
MR       .....                  (no boots)
Stlth    +++.......             (no amulet)
HPRegen  0.18/turn              (no ring)
MPRegen  0.14/turn              (no ring)

@: no status effects
A: distributed training, fangs 1, strong nose
a: no special abilities


You were on level 4 of the Dungeon.
You were not hungry.

You visited 1 branch of the dungeon, and saw 4 of its levels.

You collected 229 gold pieces.

Inventory:

Hand Weapons
 b - a +0 dagger
 k - a +0 whip of electrocution
 t - a +5 scythe of flaming
 y - a +1 war axe of chopping (weapon)
Missiles
 d - 480 bolts
 l - 54 needles of frenzy {=f}
 s - 244 sling bullets
 v - 272 stones (quivered)
 x - 155 arrows
Armour
 a - a +0 robe (worn)
Wands
 c - a wand of iceblast (1)
Scrolls
 f - a scroll of immolation
 g - a scroll of revelation {unknown}
 h - a scroll of noise {unknown}
 i - 3 scrolls of identify
 n - a scroll of remove curse {unknown}
 o - a scroll of fear
 q - a scroll of enchant weapon {unknown}
 u - 3 scrolls of amnesia {unknown}
Potions
 j - a potion of resistance
 m - a potion of haste
 p - 2 potions of mutation
 r - a potion of ambrosia
 w - 4 potions of curing
 z - a potion of flight {unknown}
 A - a potion of agility {unknown}
Comestibles
 e - 3 rations {!d}


   Skills:
 + Level 2.2 Fighting
 + Level 2.2 Short Blades
 + Level 2.2 Long Blades
 + Level 2.2 Axes
 + Level 2.2 Maces & Flails
 + Level 2.2 Polearms
 + Level 2.2 Staves
 + Level 2.2 Slings
 + Level 2.2 Bows
 + Level 2.2 Crossbows
 + Level 2.2 Throwing
 + Level 2.2 Armour
 + Level 5.1 Dodging
 + Level 5.1 Stealth
 + Level 2.2 Shields
 + Level 2.2 Unarmed Combat
 + Level 5.5 Spellcasting
 + Level 2.8 Conjurations
 + Level 1.8 Hexes
 + Level 1.8 Charms
 + Level 1.8 Summonings
 + Level 1.8 Necromancy
 + Level 1.8 Translocations
 + Level 1.8 Transmutations
 + Level 1.8 Fire Magic
 + Level 5.7 Ice Magic
 + Level 1.8 Air Magic
 + Level 1.8 Earth Magic
 + Level 1.8 Poison Magic
 + Level 2.4 Invocations
 + Level 2.2 Evocations


You had 8 spell levels left.
You knew the following spells:

 Your Spells              Type           Power        Failure   Level  Hunger
a - Freeze                Ice            ####..       1%          1    None
b - Throw Frost           Conj/Ice       ###...       1%          2    None
c - Apportation           Tloc           ##....       6%          1    None
d - Corona                Hex            ##.....      6%          1    None
e - Infusion              Chrm           ##......     6%          1    None
f - Sandblast             Erth           ##....       6%          1    None
g - Slow                  Hex            ##......     6%          1    None
h - Summon Butterflies    Summ           ##......     6%          1    None

Your spell library contained the following spells:

 Spells                   Type           Power        Failure   Level  Hunger
 Ozocubu's Armour         Chrm/Ice       ###.....     9%          3    ##.....
 Throw Icicle             Conj/Ice       ###.....     22%         4    ####...
 Ice Form                 Ice/Tmut       ###.....     26%         4    ####...
 Summon Ice Beast         Ice/Summ       ###.....     26%         4    ####...


Dungeon Overview and Level Annotations

Branches:
Dungeon (4/12)
 Temple: D:4-7

Altars:
Fedhas
Hepliaklqana
Kikubaaqudgha


Innate Abilities, Weirdness & Mutations

Your experience applies equally to all skills.
You have very sharp teeth.
Your uncanny sense of smell can sniff out nearby items.


Message History

Casting: Freeze (safe; 1% risk of failure)
Confirm with . or Enter, or press ? or * to list all spells.
Aiming: Freeze (safe; 1% risk of failure)
Press: ? - help, Shift-Dir - straight line, f/p - scorpion
Aim: a scorpion (severely wounded)
You freeze the scorpion!
You kill the scorpion!
You have reached level 7!
An ogre comes into view. It is wielding a +0 giant club.
The ogre shouts!
The ogre hits you with a +0 giant club!!
You see here 14 gold pieces.
You hit the ogre.
Snnnck.
The ogre is moderately wounded.
The ogre misses you.
You slash the ogre!
Ssssck.
The ogre is heavily wounded.
The ogre hits you with a +0 giant club!!
Ouch! That really hurt!
You die...

#########
......O@#
#######.#
#########.#
########.........#
...............###
....#<#........#∆
........#....#+# ∆
........#.#....#
........#.##...#


You could see an ogre.

Vanquished Creatures
  Sigmund (D:2)
  A scorpion (D:4)
  A water moccasin skeleton (D:3)
  An orc priest (D:3)
  A hound (D:2)
  5 adders (D:3)
  An ooze (D:3)
  2 worms
  2 dart slugs
  4 leopard geckos
  7 orcs
  4 giant cockroaches (D:1)
  7 hobgoblins
  7 jackals (D:2)
  2 quokkas
  7 bats
  4 frilled lizards
  9 goblins
  8 kobolds
  3 rats
77 creatures vanquished.

Notes
Turn   | Place    | Note
-------+----------+-------------------------------------------
     0 | D:1      | Yshiel the Gnoll Ice Elementalist began the quest for the
                  | Orb.
     0 | D:1      | Reached XP level 1. HP: 13/13 MP: 6/6
   210 | D:1      | Reached XP level 2. HP: 19/19 MP: 7/7
   555 | D:1      | Reached XP level 3. HP: 23/25 MP: 1/9
   562 | D:1      | Reached skill level 5 in Spellcasting
  1033 | D:2      | Reached skill level 1 in Invocations
  1050 | D:2      | Noticed Sigmund
  1057 | D:2      | Killed Sigmund
  1058 | D:2      | Reached skill level 1 in Fighting
  1058 | D:2      | Reached skill level 1 in Short Blades
  1058 | D:2      | Reached skill level 1 in Long Blades
  1058 | D:2      | Reached skill level 1 in Axes
  1058 | D:2      | Reached skill level 1 in Maces & Flails
  1058 | D:2      | Reached skill level 1 in Polearms
  1058 | D:2      | Reached skill level 1 in Staves
  1058 | D:2      | Reached skill level 1 in Slings
  1058 | D:2      | Reached skill level 1 in Bows
  1058 | D:2      | Reached skill level 1 in Crossbows
  1058 | D:2      | Reached skill level 1 in Throwing
  1058 | D:2      | Reached skill level 1 in Armour
  1058 | D:2      | Reached skill level 1 in Shields
  1058 | D:2      | Reached skill level 1 in Unarmed Combat
  1058 | D:2      | Reached skill level 1 in Hexes
  1058 | D:2      | Reached skill level 1 in Charms
  1058 | D:2      | Reached skill level 1 in Summonings
  1058 | D:2      | Reached skill level 1 in Necromancy
  1058 | D:2      | Reached skill level 1 in Translocations
  1058 | D:2      | Reached skill level 1 in Transmutations
  1058 | D:2      | Reached skill level 1 in Fire Magic
  1058 | D:2      | Reached skill level 1 in Air Magic
  1058 | D:2      | Reached skill level 1 in Earth Magic
  1058 | D:2      | Reached skill level 1 in Poison Magic
  1058 | D:2      | Reached skill level 1 in Evocations
  1058 | D:2      | Reached XP level 4. HP: 32/32 MP: 4/11
  1058 | D:2      | Reached XP level 5. HP: 37/37 MP: 4/12
  1260 | D:2      | Learned a level 2 spell: Throw Frost
  1262 | D:2      | Learned a level 1 spell: Apportation
  1264 | D:2      | Learned a level 1 spell: Corona
  1266 | D:2      | Learned a level 1 spell: Infusion
  1268 | D:2      | Learned a level 1 spell: Sandblast
  1270 | D:2      | Learned a level 1 spell: Slow
  1272 | D:2      | Learned a level 1 spell: Summon Butterflies
  1386 | D:2      | Reached XP level 6. HP: 37/44 MP: 7/13
  2033 | D:3      | Reached skill level 5 in Dodging
  2033 | D:3      | Reached skill level 5 in Stealth
  2072 | D:3      | Found an ancient bone altar of Kikubaaqudgha.
  2234 | D:3      | Found a blossoming altar of Fedhas.
  2613 | D:3      | Found a faded altar of an unknown god.
  2613 | D:3      | Found a hazy altar of Hepliaklqana.
  2613 | D:3      | Found a faded altar of an unknown god.
  2708 | D:4      | Reached XP level 7. HP: 41/50 MP: 11/15
  2719 | D:4      | Mangled by an ogre

Skill      XL: |  1  2  3  4  5  6 |
---------------+-------------------+-----
Conjurations   | 2 |  2.8
Spellcasting   | 5 |  5.5
Invocations    | 1 2 |  2.4
Fighting       | 1 2 |  2.2
Short Blades   | 1 2 |  2.2
Long Blades    | 1 2 |  2.2
Axes           | 1 2 |  2.2
Maces & Flails | 1 2 |  2.2
Polearms       | 1 2 |  2.2
Staves         | 1 2 |  2.2
Slings         | 1 2 |  2.2
Bows           | 1 2 |  2.2
Crossbows      | 1 2 |  2.2
Throwing       | 1 2 |  2.2
Armour         | 1 2 |  2.2
Shields        | 1 2 |  2.2
Unarmed Combat | 1 2 |  2.2
Hexes          | 1 |  1.8
Charms         | 1 |  1.8
Summonings     | 1 |  1.8
Necromancy     | 1 |  1.8
Translocations | 1 |  1.8
Transmutations | 1 |  1.8
Fire Magic     | 1 |  1.8
Air Magic      | 1 |  1.8
Earth Magic    | 1 |  1.8
Poison Magic   | 1 |  1.8
Evocations     | 1 2 |  2.2
Dodging        | 5 |  5.1
Stealth        | 5 |  5.1
Ice Magic      | |  5.7

Action                   |  1- 3 |  4- 6 |  7- 9 || total
-------------------------+-------+-------+-------++-------
Melee: Unarmed           |     6 |       |       ||     6
       Dagger            |    27 |    27 |       ||    54
       Bite              |     4 |     5 |       ||     9
       War axe           |       |     8 |     2 ||    10
 Cast: Freeze            |    42 |    53 |       ||    95
  Use: Scroll            |     4 |     3 |       ||     7
 Stab: Sleeping          |     4 |    12 |       ||    16
  Eat: Chunk             |     1 |     8 |       ||     9
Armor: Robe              |    11 |     7 |       ||    18
Dodge: Dodged            |    71 |    41 |     1 ||   113
